AoeStats
← (Arm)_Sai Phani

Arabia

508002466Analyzed
3v3 RM · 11d ago on Sep 20, 2026· 31m 18s· 6 players
Game mode
Random Map
Map size
Normal (6 player)
Population
200
Speed
Normal
Resources
Standard
Victory
Conquest
Starting age
Dark Age
Ending age
Imperial Age
RankedLock teamsTeams togetherTeam positionsShared explorationLock speedFull tech treeHidden civsTurbo modeCheats
Victory
Defeat
1012
+16
🇪🇸 Goths · Spain
1008
+16
🇳🇱 Burgundians · Netherlands
974
+17
🇮🇩 Britons · Indonesia
1046
-18
🇮🇹 Celts · Italy
1013
-22
🇮🇳 Lithuanians · India
957
-28
sfdejonge
3:15 Loom
3:38 Double-Bit Axe
11:32 Feudal Age
13:08 Bow Saw
19:10 Castle Age
17:31 Gold Mining
18:55 Forging
18:51 Scale Barding Armor
19:13 Horse Collar
20:37 Gold Shaft Mining
21:37 Wheelbarrow
21:25 Husbandry
21:31 Cavalier
27:11 Iron Casting
28:59 Chain Barding Armor
Romain, Conquérant par 3 côté
10:31 Feudal Age
12:11 Double-Bit Axe
12:42 Loom
16:52 Padded Archer Armor
21:14 Castle Age
23:00 Scale Barding Armor
23:06 Forging
23:55 Husbandry
26:57 Elite Skirmisher
30:23 Leather Archer Armor
31:16 Chain Barding Armor
Strike90
0:27 Loom
10:18 Feudal Age
10:27 Man-at-Arms
11:45 Gold Mining
11:43 Double-Bit Axe
13:47 Forging
16:23 Scale Mail Armor
25:10 Castle Age
26:00 Wheelbarrow
25:27 Long Swordsman
26:09 Squires
27:21 Chain Mail Armor
29:30 Stone Mining
(Arm)_Sai Phani
12:50 Feudal Age
18:50 Scale Barding Armor
22:46 Castle Age
24:18 Husbandry
29:08 Chain Barding Armor
(Arm)_ominous
6:35 Loom
9:32 Feudal Age
13:44 Wheelbarrow
15:23 Fletching
17:00 Padded Archer Armor
21:11 Horse Collar
21:18 Double-Bit Axe
25:01 Castle Age
25:48 Forging
25:39 Crossbowman
30:00 Pikeman
(Arm)_Starkill
6:03 Loom
11:35 Feudal Age
12:16 Double-Bit Axe
12:19 Horse Collar
12:38 Gold Mining
14:50 Wheelbarrow
15:33 Man-at-Arms
24:59 Scale Mail Armor
25:09 Forging
Connection lost

Rejoining the realm…

Still unreachable

The connection could not be restored.

Session expired

The server has moved on; the page needs a fresh start.